 Dungeon Crawl Stone Soup version 0.29-a0-321-gf1c400731a (console) character file.

Game seed: 3616604062758183451

3861 jejorda2 the Carver (level 10, -1/76 HPs)
             Began as a Merfolk Berserker on Apr 3, 2022.
             Was a Priest of Trog.
             Slain by a cane toad (11 damage)
             ... on level 1 of the Lair of Beasts.
             The game lasted 00:20:32 (9396 turns).

jejorda2 the Carver (Merfolk Berserker)             Turns: 9396, Time: 00:20:32

Health: -1/76      AC: 13    Str: 17    XL:     10   Next: 18%
Magic:  19/19      EV:  8    Int:  6    God:    Trog [***...]
Gold:   315        SH:  0    Dex: 19    Spells: 9/9 levels left

rFire   + . .      SeeInvis .   a - +0 long sword
rCold   + . .      Faith    .   (no shield)
rNeg    + . .      Spirit   .   y - +1 chain mail of the Blacksmith {rC+ Will+ MP+9}
rPois   .          Reflect  .   (no helmet)
rElec   .          Harm     .   (no cloak)
rCorr   .          Rampage  .   i - +0 pair of gloves
Will    +++..                   D - +0 pair of boots
Stlth   ..........              (no amulet)
HPRegen 1.22/turn               p - ring of protection from fire
MPRegen 0.16/turn               g - ring of positive energy

@: lethally poisoned (-1 -> -10), strong-willed, on berserk cooldown,
regenerating, slowed, very slow
A: (nimble swimmer 2), mertail
a: Renounce Religion, Berserk, Trog's Hand


You were on level 1 of the Lair of Beasts.
You worshipped Trog.
Trog was most pleased with you.
You visited 3 branches of the dungeon, and saw 10 of its levels.

You collected 471 gold pieces.
You spent 156 gold pieces at shops.

Inventory:

Hand Weapons
 a - a +0 long sword (weapon)
 C - a +3 short sword of draining
Missiles
 e - 200 stones (quivered)
 l - 29 poisoned darts
 v - 2 curare-tipped darts
 x - 2 boomerangs
Armour
 i - a +0 pair of gloves (worn)
 y - the +1 chain mail of the Blacksmith (worn) {rC+ Will+ MP+9}
   (You found it on level 5 of the Dungeon)

   rC:        It protects you from cold.
   MP:        It affects your magic capacity (+9).
   Will:      It increases your willpower.
 D - a +0 pair of boots (worn)
Jewellery
 g - a ring of positive energy (right hand)
 m - a ring of resist corrosion
 p - a ring of protection from fire (left hand)
 z - a ring of protection from fire
Wands
 A - a wand of paralysis (14)
Scrolls
 c - 2 scrolls of brand weapon {unknown}
 d - 3 scrolls of noise {unknown}
 f - 3 scrolls of fear
 k - 4 scrolls of magic mapping {unknown}
 n - a scroll of fog {unknown}
 o - a scroll of enchant weapon {unknown}
 s - 4 scrolls of teleportation {unknown}
 u - 2 scrolls of blinking
 w - 2 scrolls of enchant armour {unknown}
 B - a scroll of immolation {unknown}
Potions
 b - 3 potions of might
 h - 8 potions of curing
 j - a potion of haste
 q - a potion of ambrosia
 r - a potion of heal wounds {unknown}
 t - 5 potions of attraction


   Skills:
 - Level 6.0 Fighting
 * Level 13.8 Long Blades
 - Level 6.0 Armour
 - Level 2.6 Dodging


You had 9 spell levels left.
You didn't know any spells.
Your spell library was empty.

Dungeon Overview and Level Annotations

Branches:
Dungeon (8/15)             Temple (1/1) D:5            Lair (1/6) D:8

Altars:
Cheibriados
Qazlal
Yredelemnul

Shops:
D:4 ?


Innate Abilities, Weirdness & Mutations

((You are very nimble when in or above water. (Stealth+, EV+, Speed+++)))
Your lower body shifts to a powerful aquatic tail in water.


Message History

You miss the wolf. The wolf misses you.
You barely miss the wolf. The wolf bites you!
You slash the wolf!
The wolf is severely wounded.
The wolf bites you.
You closely miss the wolf.
The wolf is severely wounded.
The wolf bites you but does no damage.
You barely miss the wolf.
The wolf is severely wounded.
The wolf bites you.
* * * LOW HITPOINT WARNING * * *
You hit the wolf.
The wolf is severely wounded.
The wolf closely misses you.
You barely miss the wolf.
The wolf is severely wounded.
You slash the wolf!
You kill the wolf!
Trog accepts your kill.
You start resting.
You feel a strong urge to attack something.
You start resting.
You are no longer berserk.
You are exhausted.
You feel yourself slow down.
You start resting.
A cane toad comes into view.
The cane toad croaks.
Your skin crawls.
You feel strong-willed. The cane toad stings you!
* * * LOW HITPOINT WARNING * * *
You are poisoned.
The cane toad poisons you! The cane toad barely misses you.
You hit the cane toad but do no damage.
* * * LOW HITPOINT WARNING * * *
You feel very sick. The cane toad stings you!
You die...

##########
.........##
.........@####
.....>...+F††#
.........###.#
.........##
...
..........#
#....
.........P#
......
.........##
#.....
.........#
###.#
#..##+#.##
####


You could see a cane toad.

Vanquished Creatures
  Psyche (D:8)
  A shadow (D:5)
  A wyvern (D:7)
  A steam dragon (D:8)
  A basilisk (D:8)
  Menkaure (D:5)
  2 water moccasins
  An ice beast (D:5)
  A black bear (D:7)
  2 ogres
  5 wolves (Lair:1)
  2 centaurs
  3 kobold brigands
  Blork the orc (D:5)
  A scorpion (D:6)
  5 bullfrogs
  3 necrophages
  5 wights (D:7)
  3 hounds
  A gnoll shaman (D:7)
  An orc priest (D:6)
  5 jellies
  An iguana (D:4)
  4 orc wizards
  8 gnolls
  7 adders
  A shadow imp (D:8)
  A white imp (D:8)
  A worm (D:4)
  19 orcs
  3 endoplasms
  A giant cockroach (D:3)
  6 goblins
  6 hobgoblins
  4 jackals
  8 quokkas
  7 ball pythons
  5 bats
  A frilled lizard (D:1)
  24 kobolds
  2 rats
156 creatures vanquished.

Vanquished Creatures (others)
  A fungus (Lair:1)
1 creature vanquished.

Grand Total: 157 creatures vanquished

Notes
Turn   | Place    | Note
-------+----------+-------------------------------------------
     0 | D:1      | jejorda2 the Merfolk Berserker began the quest for the Orb.
     0 | D:1      | Reached XP level 1. HP: 18/18 MP: 1/1
    91 | D:1      | Found a faded altar of an unknown god.
   688 | D:1      | Reached skill level 4 in Long Blades
   688 | D:1      | Reached XP level 2. HP: 24/24 MP: 2/2
  1126 | D:2      | Reached XP level 3. HP: 22/30 MP: 3/3
  1979 | D:3      | Reached ** piety under Trog
  1994 | D:3      | Reached XP level 4. HP: 36/37 MP: 4/4
  2559 | D:4      | Reached skill level 5 in Long Blades
  2832 | D:4      | Found Untenohi's Magic Scroll Emporium.
  2835 | D:4      | Bought a scroll of blinking for 90 gold pieces
  2835 | D:4      | Bought a scroll of fear for 42 gold pieces
  2835 | D:4      | Bought a scroll of identify for 24 gold pieces
  3489 | D:4      | Reached XP level 5. HP: 18/42 MP: 5/5
  3686 | D:4      | Found a snail-covered altar of Cheibriados.
  4242 | D:5      | Entered Level 5 of the Dungeon
  4261 | D:5      | Reached skill level 6 in Long Blades
  4261 | D:5      | Reached XP level 6. HP: 35/48 MP: 6/6
  4707 | D:5      | Reached skill level 5 in Fighting
  4848 | D:5      | Reached skill level 7 in Long Blades
  4916 | D:5      | Noticed Menkaure
  4922 | D:5      | Killed Menkaure
  4923 | D:5      | Reached XP level 7. HP: 56/56 MP: 7/7
  4969 | D:5      | Noticed Blork the orc
  4981 | D:5      | Killed Blork the orc
  5062 | D:5      | Reached skill level 8 in Long Blades
  5109 | D:5      | Reached XP level 8. HP: 46/64 MP: 8/8
  5283 | D:5      | Found a staircase to the Ecumenical Temple.
  5303 | Temple   | Entered the Ecumenical Temple
  5352 | D:5      | Identified the +1 chain mail of the Blacksmith {rC+ Will+
                  | MP+9}
  5561 | D:5      | Noticed a shadow
  5581 | D:5      | Killed a shadow
  5582 | D:5      | Reached skill level 9 in Long Blades
  6706 | D:6      | Reached skill level 10 in Long Blades
  7318 | D:7      | Noticed a wyvern
  7336 | D:7      | Killed a wyvern
  7337 | D:7      | Reached XP level 9. HP: 23/69 MP: 9/9
  7343 | D:7      | Reached skill level 11 in Long Blades
  7690 | D:7      | Reached *** piety under Trog
  7871 | D:7      | Reached skill level 5 in Armour
  8178 | D:8      | Reached skill level 12 in Long Blades
  8457 | D:8      | Found a basalt altar of Yredelemnul.
  8484 | D:8      | Found a stormy altar of Qazlal.
  8586 | D:8      | Found a staircase to the Lair.
  8730 | D:8      | Noticed Psyche
  8739 | D:8      | Killed Psyche
  9001 | Lair:1   | Entered Level 1 of the Lair of Beasts
  9162 | Lair:1   | Reached skill level 13 in Long Blades
  9209 | Lair:1   | Reached XP level 10. HP: 67/76 MP: 10/10
  9392 | Lair:1   | Noticed a cane toad
  9396 | Lair:1   | Slain by a cane toad

Illustrated notes

Levels and vault maps discovered:
D:1:      dpeg_arrival_orchard, layout_basic, basic_ecumenical_altar
D:2:      layout_rooms
D:3:      layout_basic
D:4:      layout_basic, marbit_many_paths, serial_shops, kennysheep_mini_moat
D:5:      layout_cave_pools, temple_green, serial_rivers,
          chequers_serial_rivers_micro_a, chequers_serial_rivers_micro_d,
          chequers_serial_rivers_micro_a, chequers_serial_rivers_large_b,
          chequers_serial_rivers_marsh, chequers_serial_rivers_large_a,
          uniq_menkaure, uniq_blork_the_orc
D:6:      layout_loops_ring, nicolae_benzene_ring, grunt_decor_fettered
D:7:      layout_rooms
D:8:      layout_rooms, mainiacjoe_overflow_two_lobes, lair_entry_dummy,
          grunt_decor_arrowhead, uniq_psyche
Temple:   mainiacjoe_temple_bowtie_tessellation
Lair:1:   layout_roguey, uniq_grum

Skill      XL: |  1  2  3  4  5  6  7  8  9 10 |
---------------+-------------------------------+-----
Long Blades    | 4 5 6 7 8 10 13 | 13.8
Fighting       | 4 5 6 |  6.0
Armour         | 2 3 4 5 6 |  6.0
Dodging        | |  2.6

Action                   |  1- 3 |  4- 6 |  7- 9 | 10-12 || total
-------------------------+-------+-------+-------+-------++-------
Melee: Falchion          |    17 |       |       |       ||    17
       Long sword        |    61 |   111 |   319 |    53 ||   544
       Punch             |     1 |     1 |     5 |       ||     7
       Tailslap          |       |       |     6 |       ||     6
Throw: Stone             |    44 |    45 |    34 |     4 ||   127
Invok: Berserk           |     1 |     4 |    10 |     1 ||    16
       Trog's Hand       |       |       |     3 |     1 ||     4
  Use: Scroll            |       |     4 |     2 |       ||     6
Armor: Animal skin       |     4 |       |       |       ||     4
       Scale mail        |    23 |    35 |    13 |       ||    71
       Chain mail        |       |       |   129 |    17 ||   146
Dodge: Dodged            |    59 |    44 |   104 |    15 ||   222

Table legend: (Time is in decaauts)
 A = Elapsed time spent in this place.
 B = Non-inter-level travel time spent in this place.
 C = Inter-level travel time spent in this place.
 D = Time resting spent in this place.
 E = Time spent auto-exploring this place.
 F = Levels seen in this place.
 G = Mean time per level.
                   A        B        C        D        E       F      G
               +--------+--------+--------+--------+--------+-----+--------+
         Total |   9447 |   8986 |    461 |   1117 |   6578 |  10 |  944.7 |
       Dungeon |   9125 |   8666 |    459 |   1052 |   6409 |   8 | 1140.6 |
        Temple |     75 |     74 |      1 |     56 |      0 |   1 |   75.0 |
          Lair |    247 |    247 |      0 |      8 |    169 |   1 |  247.0 |
               +--------+--------+--------+--------+--------+-----+--------+

Top non-repeatable levels by time:
     D:5: 1712 daAuts
     D:4: 1649 daAuts
     D:1: 1251 daAuts
     D:6: 1251 daAuts
     D:8: 953 daAuts
     D:7: 932 daAuts
     D:2: 701 daAuts
     D:3: 673 daAuts
  Lair:1: 247 daAuts
  Temple: 75 daAuts
